cohdb
Replays
Latest Replays
All Replays
Popular Replays
Top Player Replays
Match Explorer
How It Works
Community
CoH3 Stats
Reddit
Sign in to upload your games and track your stats! →
Sign in with Steam
Match 26367324
Unlisted
Match 26367324
Overview
Messages
Build Orders
End
Construct Barracks
Riflemen Squad
Riflemen Squad
1⁄4-ton 4x4 Truck
Riflemen Squad
Riflemen Squad
Infantry Support Center
M1918 Browning Automatic Rifles
Grenade Package
Munitions Surplus
Riflemen Squad
Construct Medical Station
Selects Special Operations Battlegroup
Selects M29 Weasel with M1 Pack Howitzer
Selects Raiding Flares
Selects SSF Commando Squad
SSF Commando Squad
Advanced Logistics
Survival Training
SSF Commando Squad
Raiding Flares
Selects P-47 Anti-Infantry Loiter
P-47 Anti-Infantry Loiter
SSF Commando Squad
Riflemen Squad
ConcernedApe
Frank S-Deel Soldier
Anyyyxc
marine king
0
0
Comments
sign in to comment!
No comments posted yet!